 Dungeon Crawl Stone Soup version 0.28-a0-1518-gbe868bca14 (webtiles) character file.

Game seed: 15903585675827183490

2517 sanka the Destroyer (level 9, -6/66 HPs)
             Began as a Gnoll Conjurer on Jan 16, 2022.
             Was an Initiate of Ashenzari.
             Shot with a bolt by an orc warrior (20 damage)
             ... in a bailey.
             The game lasted 00:14:31 (8295 turns).

sanka the Destroyer (Gnoll Conjurer)                Turns: 8295, Time: 00:14:31

Health: -6/66      AC:  8    Str:  7    XL:     9   Next: 54%
Magic:  9/19       EV: 13    Int: 22    God:    Ashenzari [......]
Gold:   326        SH:  0    Dex: 10    Spells: 10/21 levels left

rFire   + . .      SeeInvis .   o - +0 flail
rCold   . . .      Faith    .   (no shield)
rNeg    . . .      Spirit   .   F - +1 robe {Will+}
rPois   .          Reflect  .   (no helmet)
rElec   .          Harm     .   B - +2 cloak
rCorr   .          Rampage  .   q - +1 pair of gloves {Stlth+}
Will    +....                   (no boots)
Stlth   ++++......              (no amulet)
HPRegen 0.21/turn               L - ring of protection from fire
MPRegen 0.16/turn               s - ring of flight

@: flying
A: fangs 1, strong nose, distributed training
a: Renounce Religion, Curse Item


You were in a bailey.
You worshipped Ashenzari.
Ashenzari was noncommittal.
You visited 2 branches of the dungeon, and saw 8 of its levels.
You also visited: Bailey.

You collected 326 gold pieces.


Innate Abilities, Weirdness & Mutations

You have very sharp teeth.
Your uncanny sense of smell can sniff out nearby items.
Your experience applies equally to all skills.


   Skills:
 + Level 4.3 Fighting
 + Level 4.3 Short Blades
 + Level 4.3 Long Blades
 + Level 4.3 Axes
 + Level 4.3 Maces & Flails
 + Level 4.3 Polearms
 + Level 4.3 Staves
 + Level 4.3 Slings
 + Level 4.3 Bows
 + Level 4.3 Crossbows
 + Level 4.3 Throwing
 + Level 4.3 Armour
 + Level 6.4 Dodging
 + Level 6.1 Stealth
 + Level 4.3 Shields
 + Level 4.3 Unarmed Combat
 + Level 6.7 Spellcasting
 + Level 8.0 Conjurations
 + Level 3.5 Hexes
 + Level 3.5 Summonings
 + Level 3.5 Necromancy
 + Level 3.5 Translocations
 + Level 3.5 Transmutations
 + Level 3.5 Fire Magic
 + Level 3.5 Ice Magic
 + Level 3.5 Air Magic
 + Level 3.5 Earth Magic
 + Level 3.5 Poison Magic
 + Level 4.8 Invocations
 + Level 4.3 Evocations


You had 10 spell levels left.
You knew the following spells:

 Your Spells              Type           Power      Damage    Failure   Level
x - Searing Ray           Conj           84%        2d7       1%          2
y - Flame Wave            Conj/Fire      33%        2d7       8%          4
z - Magic Dart            Conj           100%       1d8       1%          1
Z - Fulminant Prism       Conj/Hex       16%        3d11      8%          4

Your spell library contained the following spells:

 Spells                   Type           Power      Damage    Failure   Level
 Foxfire                  Conj/Fire      100%       2x1d9     1%          1
 Conjure Flame            Conj/Fire      33%        6-21      2%          3
 Dazzling Flash           Conj/Hex       66%        N/A       2%          3
 Inner Flame              Hex/Fire       23%        N/A       6%          3
 Iskenderun's Mystic Bla  Conj/Tloc      33%        2d8       8%          4

Inventory:

Hand Weapons
 o - a +0 flail (weapon)
 x - a +0 trident
 C - a +0 halberd
Armour
 q - a +1 pair of gloves of stealth (worn)
 B - a +2 cloak (worn)
 F - a +1 robe of willpower (worn)
Magical Staves
 b - a staff of poison
 h - a staff of conjuration {!a}
 K - a staff of air
Jewellery
 r - an amulet of guardian spirit
 s - a ring of flight (right hand)
 D - a ring of ice
 L - a ring of protection from fire (left hand)
Wands
 m - a wand of charming (6)
 p - a wand of digging (4)
 E - a wand of paralysis (13)
Scrolls
 c - 2 scrolls of enchant armour {unknown}
 f - 2 scrolls of blinking {unknown}
 i - 6 scrolls of teleportation {unknown}
 k - a scroll of enchant weapon {unknown}
 l - a scroll of fog {unknown}
 t - a scroll of vulnerability {unknown}
 u - 3 scrolls of identify {unknown}
 w - a scroll of acquirement {unknown}
 y - 2 scrolls of immolation {unknown}
 G - 2 scrolls of magic mapping {unknown}
 H - a scroll of silence {unknown}
Potions
 a - a potion of heal wounds {unknown}
 d - 2 potions of curing {unknown}
 e - a potion of berserk rage {!q}
 g - a potion of ambrosia {unknown}
 j - 2 potions of flight {unknown}
 v - a potion of resistance {unknown}
 z - 2 potions of attraction {unknown}
 A - a potion of mutation {unknown}
 I - a potion of lignification {unknown}
 J - a potion of magic {unknown}

Dungeon Overview and Level Annotations

Branches:
Dungeon (7/15)             Temple (1/1) D:4          Bailey (1/1)

Altars:
Ashenzari
Cheibriados
Dithmenos
Fedhas
Hepliaklqana
Kikubaaqudgha
Makhleb
Okawaru
Qazlal
Ru
Trog
Uskayaw
Vehumet
Wu Jian
Xom
Zin
The Shining One

Shops:
D:4 [

Annotations:
D:4 2 transporters, sastreii's ghost, amateur GnMo

▒▒▒▒▒▒▒▒▒▒▒▒▒▒▒▒▒▒▒▒▒▒▒▒▒▒▒▒▒▒▒▒▒
...............................∩▒
................................▒
................g...............▒
................................▒
≈≈≈≈≈≈)≈≈≈≈≈≈≈≈≈≈≈≈≈≈≈≈≈≈≈).....▒
▒▒▒≈≈≈≈≈≈≈≈≈≈≈≈≈≈≈o≈≈≈▒▒▒≈≈)....▒
▒.▒▒≈)≈≈≈)≈≈≈≈≈≈≈≈≈≈≈▒▒.▒▒≈.....▒
....)≈≈≈≈≈≈≈≈≈≈≈≈≈≈≈≈....▒≈.....▒
▒.∩▒≈≈≈≈≈≈≈≈≈≈≈≈≈≈≈≈≈▒∩.▒▒≈.....▒
▒.▒▒≈≈≈≈≈≈≈▒▒▒≈≈≈≈o≈≈▒▒o▒≈≈.....▒
≈)≈≈≈≈≈≈▒▒▒▒ ▒▒▒▒≈≈≈≈≈≈≈≈≈).....▒


You could see an orc warrior and 2 orcs.


Message History

The magic dart hits the orc.
The orc is severely wounded.
The magic dart hits the orc.
The orc is almost dead.
The magic dart hits the orc but does no damage.
The orc is almost dead.
The magic dart hits the orc.
You kill the orc!
You start resting.
An orc comes into view. It is wielding a +0 halberd.
An orc is nearby!
An orc warrior is nearby!
The orc shouts!
You hear a shout!
You hear a shout!
An orc comes into view. It is wielding a +0 arbalest.
The orc shouts!
The orc shoots a bolt.
The bolt closely misses you.
The orc shoots a bolt.
The bolt completely misses you.
The orc shoots a bolt.
The bolt barely misses you.
The orc shoots a bolt.
The bolt closely misses you.
The orc shoots a bolt.
The bolt hits you but does no damage.
The orc warrior shoots a bolt.
The bolt hits you!!
You die...

Action                   |  1- 3 |  4- 6 |  7- 9 || total
-------------------------+-------+-------+-------++-------
Melee: Flail             |       |    15 |    18 ||    33
       Bite              |       |     1 |     1 ||     2
       Trident           |       |    10 |       ||    10
 Cast: Magic Dart        |    66 |   120 |   129 ||   315
       Searing Ray       |       |     4 |    25 ||    29
       Fulminant Prism   |       |       |    10 ||    10
Invok: Curse Item        |       |       |     1 ||     1
       Shatter the Chain |       |       |     1 ||     1
Evoke: Wand              |       |       |     1 ||     1
  Use: Potion            |       |     1 |       ||     1
 Stab: Sleeping          |       |     1 |       ||     1
       Paralysed         |       |       |     3 ||     3
Armor: Robe              |     2 |     8 |    20 ||    30
Dodge: Dodged            |     2 |    14 |    63 ||    79

Levels and vault maps discovered:
D:1:      dpeg_arrival_arbitrary_b, layout_basic, serial_bayou,
          serial_bayou_pond_e, serial_bayou_crossing, serial_bayou_shore_b,
          serial_bayou_pond_c
D:2:      layout_basic, shapermc_ecumenical_altar_acropolis
D:3:      layout_rooms, xom_confusion_cloud, minmay_fractal_squares_diagonal_5
D:4:      layout_basic, lemuel_doored_altar, temple_pool_b,
          gammafunk_ghost_gnarly_gnolls, serial_shops, shop,
          minmay_misc_feat_chi
D:5:      layout_basic
D:6:      layout_basic
D:7:      layout_basic, enter_bailey_7, nicolae_shop_sticking_my_neck_out,
          uniq_crazy_yiuf_cottage
Temple:   eino_wide_crystal_templ
Bailey:   bailey_polearm_2, bailey

Notes
Turn   | Place    | Note
-------+----------+-------------------------------------------
     0 | D:1      | sanka the Gnoll Conjurer began the quest for the Orb.
     0 | D:1      | Reached XP level 1. HP: 13/13 MP: 6/6
   106 | D:1      | Reached XP level 2. HP: 19/19 MP: 2/7
   677 | D:1      | Reached XP level 3. HP: 25/25 MP: 6/9
   682 | D:1      | Reached skill level 5 in Spellcasting
   770 | D:1      | Learned a level 2 spell: Searing Ray
  1192 | D:2      | Reached skill level 1 in Invocations
  1614 | D:2      | Reached skill level 1 in Fighting
  1614 | D:2      | Reached skill level 1 in Short Blades
  1614 | D:2      | Reached skill level 1 in Long Blades
  1614 | D:2      | Reached skill level 1 in Axes
  1614 | D:2      | Reached skill level 1 in Maces & Flails
  1614 | D:2      | Reached skill level 1 in Polearms
  1614 | D:2      | Reached skill level 1 in Staves
  1614 | D:2      | Reached skill level 1 in Slings
  1614 | D:2      | Reached skill level 1 in Bows
  1614 | D:2      | Reached skill level 1 in Crossbows
  1614 | D:2      | Reached skill level 1 in Throwing
  1614 | D:2      | Reached skill level 1 in Armour
  1614 | D:2      | Reached skill level 1 in Shields
  1614 | D:2      | Reached skill level 1 in Unarmed Combat
  1614 | D:2      | Reached skill level 1 in Evocations
  1676 | D:2      | Reached XP level 4. HP: 32/32 MP: 8/11
  2040 | D:2      | Found a faded altar of an unknown god.
  2529 | D:3      | Reached skill level 1 in Hexes
  2529 | D:3      | Reached skill level 1 in Summonings
  2529 | D:3      | Reached skill level 1 in Necromancy
  2529 | D:3      | Reached skill level 1 in Translocations
  2529 | D:3      | Reached skill level 1 in Transmutations
  2529 | D:3      | Reached skill level 1 in Fire Magic
  2529 | D:3      | Reached skill level 1 in Ice Magic
  2529 | D:3      | Reached skill level 1 in Air Magic
  2529 | D:3      | Reached skill level 1 in Earth Magic
  2529 | D:3      | Reached skill level 1 in Poison Magic
  2871 | D:2      | Reached XP level 5. HP: 36/37 MP: 0/12
  3071 | D:3      | Found a shimmering altar of Xom.
  3329 | D:4      | Reached skill level 2 in Invocations
  3329 | D:4      | Reached XP level 6. HP: 12/44 MP: 1/13
  3333 | D:4      | HP: 6/66 [poisoned by a scorpion]
  3339 | D:4      | Reached skill level 5 in Dodging
  3731 | D:4      | Found a stormy altar of Qazlal.
  3825 | D:4      | Reached skill level 2 in Fighting
  3825 | D:4      | Reached skill level 2 in Short Blades
  3825 | D:4      | Reached skill level 2 in Long Blades
  3825 | D:4      | Reached skill level 2 in Axes
  3825 | D:4      | Reached skill level 2 in Maces & Flails
  3825 | D:4      | Reached skill level 2 in Polearms
  3825 | D:4      | Reached skill level 2 in Staves
  3825 | D:4      | Reached skill level 2 in Slings
  3825 | D:4      | Reached skill level 2 in Bows
  3825 | D:4      | Reached skill level 2 in Crossbows
  3825 | D:4      | Reached skill level 2 in Throwing
  3825 | D:4      | Reached skill level 2 in Armour
  3825 | D:4      | Reached skill level 2 in Shields
  3825 | D:4      | Reached skill level 2 in Unarmed Combat
  3825 | D:4      | Reached skill level 2 in Evocations
  4116 | D:4      | Noticed sastreii's ghost (amateur GnMo)
  4137 | D:4      | Found a transporter.
  4140 | D:4      | Found a transporter.
  4184 | D:4      | Found a staircase to the Ecumenical Temple.
  4204 | Temple   | Entered the Ecumenical Temple
  4267 | Temple   | Became a worshipper of Ashenzari the Shackled
  4493 | D:4      | Found Kimeh's Armour Emporium.
  4524 | D:5      | Entered Level 5 of the Dungeon
  4638 | D:5      | Reached XP level 7. HP: 50/50 MP: 9/15
  5023 | D:5      | Reached skill level 2 in Hexes
  5023 | D:5      | Reached skill level 2 in Summonings
  5023 | D:5      | Reached skill level 2 in Necromancy
  5023 | D:5      | Reached skill level 2 in Translocations
  5023 | D:5      | Reached skill level 2 in Transmutations
  5023 | D:5      | Reached skill level 2 in Fire Magic
  5023 | D:5      | Reached skill level 2 in Ice Magic
  5023 | D:5      | Reached skill level 2 in Air Magic
  5023 | D:5      | Reached skill level 2 in Earth Magic
  5023 | D:5      | Reached skill level 2 in Poison Magic
  5321 | D:5      | Reached skill level 5 in Stealth
  5721 | D:5      | Reached skill level 3 in Invocations
  5931 | D:6      | Reached skill level 3 in Fighting
  5931 | D:6      | Reached skill level 3 in Short Blades
  5931 | D:6      | Reached skill level 3 in Long Blades
  5931 | D:6      | Reached skill level 3 in Axes
  5931 | D:6      | Reached skill level 3 in Maces & Flails
  5931 | D:6      | Reached skill level 3 in Polearms
  5931 | D:6      | Reached skill level 3 in Staves
  5931 | D:6      | Reached skill level 3 in Slings
  5931 | D:6      | Reached skill level 3 in Bows
  5931 | D:6      | Reached skill level 3 in Crossbows
  5931 | D:6      | Reached skill level 3 in Throwing
  5931 | D:6      | Reached skill level 3 in Armour
  5931 | D:6      | Reached skill level 3 in Shields
  5931 | D:6      | Reached skill level 3 in Unarmed Combat
  5931 | D:6      | Reached skill level 3 in Evocations
  5931 | D:6      | Reached XP level 8. HP: 56/58 MP: 7/16
  6116 | D:6      | Reached skill level 6 in Spellcasting
  6632 | D:6      | Reached skill level 4 in Invocations
  6776 | D:6      | Reached skill level 3 in Hexes
  6776 | D:6      | Reached skill level 3 in Summonings
  6776 | D:6      | Reached skill level 3 in Necromancy
  6776 | D:6      | Reached skill level 3 in Translocations
  6776 | D:6      | Reached skill level 3 in Transmutations
  6776 | D:6      | Reached skill level 3 in Fire Magic
  6776 | D:6      | Reached skill level 3 in Ice Magic
  6776 | D:6      | Reached skill level 3 in Air Magic
  6776 | D:6      | Reached skill level 3 in Earth Magic
  6776 | D:6      | Reached skill level 3 in Poison Magic
  6844 | D:6      | Reached skill level 6 in Dodging
  6844 | D:6      | Reached XP level 9. HP: 46/65 MP: 11/18
  7022 | D:7      | Learned a level 4 spell: Flame Wave
  7027 | D:7      | Learned a level 4 spell: Fulminant Prism
  7091 | D:7      | Reached skill level 4 in Fighting
  7091 | D:7      | Reached skill level 4 in Short Blades
  7091 | D:7      | Reached skill level 4 in Long Blades
  7091 | D:7      | Reached skill level 4 in Axes
  7091 | D:7      | Reached skill level 4 in Maces & Flails
  7091 | D:7      | Reached skill level 4 in Polearms
  7091 | D:7      | Reached skill level 4 in Staves
  7091 | D:7      | Reached skill level 4 in Slings
  7091 | D:7      | Reached skill level 4 in Bows
  7091 | D:7      | Reached skill level 4 in Crossbows
  7091 | D:7      | Reached skill level 4 in Throwing
  7091 | D:7      | Reached skill level 4 in Armour
  7091 | D:7      | Reached skill level 4 in Shields
  7091 | D:7      | Reached skill level 4 in Unarmed Combat
  7091 | D:7      | Reached skill level 4 in Evocations
  7190 | D:7      | Found a flagged portal.
  7236 | Bailey   | Entered a bailey
  7381 | Bailey   | Reached skill level 6 in Stealth
  7381 | Bailey   | Reached skill level 8 in Conjurations
  7930 | Bailey   | HP: 6/65 [orc warrior/bolt (18)]
  8260 | Bailey   | HP: 6/65 [orc warrior/bolt (4)]
  8295 | Bailey   | Shot with a bolt by an orc warrior

Vanquished Creatures
  A steam dragon (D:6)
  A water moccasin (D:6)
  A black bear (D:5)
  5 orc warriors (Bailey)
  A sky beast (D:6)
  3 necrophages
  An ogre (D:6)
  A centaur (D:7)
  A bullfrog (D:6)
  3 scorpions
  A water moccasin skeleton (D:6)
  4 killer bees (D:7)
  3 jellies
  2 gnoll shamans
  2 centaur skeletons (D:5)
  2 orc priests (D:4)
  2 hounds
  2 iguanas
  An orc wizard (D:6)
  A hound zombie (D:5)
  2 hound skeletons (D:4)
  9 gnolls
  8 adders
  4 worms
  2 dart slugs
  19 orcs
  10 bats
  5 endoplasms
  7 giant cockroaches
  10 goblins
  7 hobgoblins
  9 jackals
  A quokka (D:1)
  9 ball pythons
  4 frilled lizards
  6 kobolds
  8 rats
158 creatures vanquished.

Vanquished Creatures (others)
  An orc (D:3)
  10 fulminant prisms (Bailey)
  5 plants (D:4)
16 creatures vanquished.

Grand Total: 174 creatures vanquished
